 Dungeon Crawl Stone Soup version 0.29.1-2-gbd0b4ee654 (webtiles) character file.

Game seed: 11046061492691586901

2 Icepheonix32 the Insei (level 1, 0/15 HPs)
             Began as a Demigod Transmuter on Nov 7, 2022.
             Slain by a jackal (2 damage)
             ... on level 1 of the Dungeon.
             The game lasted 00:00:07 (43 turns).

Icepheonix32 the Insei (Demigod Transmuter)           Turns: 43, Time: 00:00:08

Health: 0/15       AC:  2    Str: 11    XL:     1   Next: 26%
Magic:  4/5        EV: 12    Int: 15    God:
Gold:   10         SH:  0    Dex: 14    Spells: 2/3 levels left

rFire   . . .      SeeInvis .     - Unarmed
rCold   . . .      Faith    .   (no shield)
rNeg    . . .      Spirit   .   a - +0 robe
rPois   .          Reflect  .   (helmet currently unavailable)
rElec   .          Harm     .   (no cloak)
rCorr   .          Rampage  .   (no gloves)
Will    .....                   (boots currently unavailable)
Stlth   +.........              (no amulet)
HPRegen 0.05/turn               (no ring)
MPRegen 0.09/turn               (no ring)

@: appendages
A: horns 2, talons 2, high MP 1, forlorn, divine attributes
a: End Transformation


You were on level 1 of the Dungeon.
You had temporarily grown beastly horns and talons.
You visited 1 branch of the dungeon, and saw 1 of its levels.

You collected 10 gold pieces.

Inventory:

Armour
 a - a +0 robe (worn)
Potions
 b - a potion of lignification


   Skills:
 + Level 0.8 Fighting
 + Level 1.7 Dodging
 + Level 2.8 Unarmed Combat
 + Level 1.7 Spellcasting
 * Level 1.9 Transmutations


You had 2 spell levels left.
You knew the following spells:

 Your Spells              Type           Power      Damage    Failure   Level
a - Beastly Appendage     Tmut           14%        N/A       11%         1

Your spell library contained the following spells:

 Spells                   Type           Power      Damage    Failure   Level
 Wereblood                Tmut           7%         N/A       16%         2
 Spider Form              Tmut/Pois      4%         N/A       43%         3
 Ice Form                 Ice/Tmut       4%         N/A       83%         4


Dungeon Overview and Level Annotations

Branches:
Dungeon (1/15)


Innate Abilities, Weirdness & Mutations

You have temporarily grown beastly horns and talons.
You have an increased reservoir of magic. (+10% MP)
You shall have no god before yourself.
Your divine heritage dramatically boosts your attributes as you level up.


Message History

You hit the endoplasm. You headbutt the endoplasm.
You kill the endoplasm!
The jackal barks!
You hear a bark!
You hear an angry hiss.
A jackal comes into view. x2; A hobgoblin comes into view.
The jackal moves out of view.
A ball python comes into view.
The jackal barely misses you. The jackal closely misses you.
The jackal bites you.
You miss the jackal.
The hobgoblin shouts!
The ball python hisses angrily.
You claw the jackal. You headbutt the jackal.
You kill the jackal!
The jackal bites you but does no damage.
You hit the jackal.
The jackal is severely wounded.
You closely miss the jackal.
The jackal is severely wounded.
The jackal bites you. The goblin hits you but does no damage.
The jackal bites you. x2
You are too injured to fight recklessly!
You are too injured to fight recklessly!
You are too injured to fight recklessly!
There are monsters nearby!
The jackal closely misses you. The goblin hits you with a +0 dagger.
The goblin attacks as you move away! The goblin closely misses you.
The jackal bites you. The jackal misses you. The jackal closely misses you.
Your horns disappear.
Your talons disappear.
The jackal barely misses you.
You barely miss the jackal. The jackal completely misses you.
Casting: Beastly Appendage (safe; 11% risk of failure)
Confirm with . or Enter, or press ? or * to list all spells.
You grow a pair of large bovine horns.
Your feet morph into talons.
The jackal bites you.
The jackal bites you but does no damage.
You hit the jackal but do no damage. Your headbutt misses the jackal.
The jackal bites you.
* * * LOW HITPOINT WARNING * * *
You barely miss the jackal. The jackal bites you.
You die...

#.# #.#
########## #.#
#......... #.#
#.##...... #.#
#.##...⌠.. ###.#
#.###.....
#...###########.#
#...><
#..gghh@........#
#.....
#†.S#############
#..⌠..
.............#
#.....
###..#######.#
#...... #.
#.###.. # #. ###
#


You could see 2 jackals, a hobgoblin, a goblin and a ball python.

Vanquished Creatures
  An endoplasm (D:1)
  A jackal (D:1)
2 creatures vanquished.

Notes
Turn   | Place    | Note
-------+----------+-------------------------------------------
     0 | D:1      | Icepheonix32 the Demigod Transmuter began the quest for the
                  | Orb.
     0 | D:1      | Reached XP level 1. HP: 15/15 MP: 5/5
    43 | D:1      | Slain by a jackal

Illustrated notes

Levels and vault maps discovered:
D:1:      wander_arrival_desolate, layout_loops_ring,
          shapermc_ecumenical_altar_ellora, minmay_misc_feat_iff

Action                   || total
-------------------------++-------
Melee: Unarmed           ||     7
       Headbutt          ||     2
       Kick              ||     1
 Cast: Beastly Appendage ||     2
 Stab: Sleeping          ||     1
Armor: Robe              ||     3
Dodge: Dodged            ||     8
